 Dungeon Sprint DCSS version 0.29-a0-819-g94b489e0ae (webtiles) character file.

Game seed: 6418219903030455102

762 mhtbhm the Martial Artist (level 7, -6/51 HPs)
             Began as an Octopode Transmuter on July 7, 2022.
             Was an Initiate of Gozag.
             Mangled by a deep troll (15 damage)
             ... in the Dungeon (Sprint I: "Red Sonja").
             The game lasted 00:02:02 (1222 turns).

mhtbhm the Martial Artist (Octopode Transmuter)     Turns: 1222, Time: 00:02:03

Health: -6/51      AC:  7    Str: 11    XL:     7   Next: 81%
Magic:  15/18      EV: 12    Int: 15    God:    Gozag
Gold:   724        SH:  0    Dex: 13    Spells: 11/21 levels left

rFire   x . .      SeeInvis .     - Unarmed
rCold   + + +      Faith    .   (shield currently unavailable)
rNeg    + . .      Spirit   .   (helmet currently unavailable)
rPois   +          Reflect  .   (no amulet)
rElec   .          Harm     .   b - ring of positive energy
rCorr   .          Rampage  .   (no ring)
Will    .....      NoTele   +   (no ring)
Stlth   ++........              (no ring)
HPRegen 0.17/turn               (no ring)
MPRegen 0.16/turn               (no ring)
                                (no ring)
                                (no ring)

@: ice-form, hasted, very quick
A: freezing attack, boosted hp, almost no armour, amphibious, 8 rings, large,
(camouflage 1), (gelatinous body 1), (nimble swimmer 1), (tentacles)
a: End Transformation, Renounce Religion, Potion Petition, Call Merchant, Bribe
Branch


You were in the Dungeon.
You worshipped Gozag.
Gozag was pleased with you.
You were a creature of crystalline ice.
You visited 1 branch You collected 724 gold pieces.

Inventory:

Missiles
 f - a curare-tipped dart (quivered)
Jewellery
 b - a ring of positive energy (left front paw)
Wands
 a - a wand of polymorph (3)
Scrolls
 g - a scroll of blinking
 i - 3 scrolls of amnesia {unknown}
Potions
 c - a potion of heal wounds
 e - 2 potions of magic
 h - 3 potions of curing


   Skills:
 + Level 1.3 Fighting
 + Level 5.7 Dodging
 + Level 2.9 Stealth
 + Level 11.2 Unarmed Combat
 + Level 7.5 Spellcasting
 + Level 7.3 Transmutations
 + Level 2.2 Ice Magic
 + Level 2.3 Poison Magic


You had 11 spell levels left.
You knew the following spells:

 Your Spells              Type           Power      Damage    Failure   Level
a - Beastly Appendage     Tmut           54%        N/A       1%          1
b - Wereblood             Tmut           27%        N/A       1%          2
c - Spider Form           Tmut/Pois      20%        N/A       5%          3
d - Ice Form              Ice/Tmut       20%        N/A       17%         4

Your spell library contained the following spells:

 Spells                   Type           Power      Damage    Failure   Level


Dungeon Overview and Level Annotations

Branches:
Dungeon (1/1)

Altars:
Cheibriados
Dithmenos
Elyvilon
Fedhas
Gozag
Hepliaklqana
Kikubaaqudgha
Makhleb
Nemelex Xobeh
Okawaru
Qazlal
Ru
Sif Muna
Trog
Uskayaw
Vehumet
Wu Jian
Xom
Yredelemnul
Zin
The Shining One
Jiyva
Lugonu

Shops:
D [[


Innate Abilities, Weirdness & Mutations

You are a creature of crystalline ice.
You have a powerful freezing melee attack.
Your maximum health is increased.
Your armour is entirely melded.
You are incapable of wielding weapons or throwing items.
You cannot wear most types of armour.
You are amphibious.
You can wear up to eight rings at the same time.
((Your skin changes colour to match your surroundings (Stealth+).))
((Your rubbery body absorbs attacks. (AC +1, EV +1)))
((You are camouflaged when in or above water. (Stealth+)))
((You have tentacles for arms and can constrict up to eight enemies at once.))


Message History

Casting: Beastly Appendage (safe; 1% risk of failure)
Press: ? - help, Q - select action, (/) - cycle Dir - look around, f - activate
Okay, then.
Throw: 2 darts (curare)
Press: ? - help, Q - select action, (/) - cycle Shift-Dir - straight line, f - deep troll
Aim: a deep troll (asleep, 98% to hit)
You throw a curare-tipped dart.
The curare-tipped dart hits the deep troll.
The deep troll is poisoned.
The deep troll convulses.
The deep troll seems to slow down.
The deep troll shouts!
The deep troll is lightly wounded.
Casting: Beastly Appendage (safe; 1% risk of failure)
Confirm with . or Enter, or press ? or * to list all spells.
The spell is quite dangerous to miscast (17% risk of failure)!
Continue anyway?
You turn into a creature of crystalline ice.
Aiming: Polymorph
Press: ? - help, Shift-Dir - straight line, f/p - deep troll
Aim: a deep troll (lightly wounded, very poisoned, slow, will become a snapping turtle, a shock serpent, or a merfolk, chance to affect: 31%)
Okay, then.
There is an open door here.
You barely miss the deep troll.
The deep troll is lightly wounded.
The deep troll bites you! The deep troll claws you!
The deep troll barely misses you.
You hit the deep troll. You freeze the deep troll.
The deep troll is lightly wounded.
You barely miss the deep troll.
The deep troll is lightly wounded.
The deep troll closely misses you. The deep troll barely misses you.
The deep troll claws you!
You hit the deep troll. You freeze the deep troll.
The deep troll is moderately wounded.
You feel yourself speed up. The deep troll bites you!
* * * LOW HITPOINT WARNING * * *
The deep troll claws you.
* * * LOW HITPOINT WARNING * * *
The deep troll claws you!
You die...
Your body crumbles into a pile of gold.

#..#####'#####'#__# $
#..####..#...#.#### $
$ #..#__####..##)# $$
#..#_____##'#_.+
#⌠⌠#_.∩...'..._# $$
####_..__##_.#'#
$$#_____###'#[# $ $
############.####+###
$
#∩........'.).YT$($$+$
###++++####...#######
$ $ ###.### $ #.#'#.#
$ $ #.....# $ #.(...#
####### $ $ $ $ $$


You could see a deep troll (very poisoned, slow).

Vanquished Creatures
  A slime creature (D)
  Sigmund (D)
  A yak (D)
  A fire bat (D)
  An ogre (D)
  A jelly (D)
  Ijyb (D)
7 creatures vanquished.

Vanquished Creatures (others)
  2 ballistomycete spores (D)
2 creatures vanquished.

Grand Total: 9 creatures vanquished

Notes
Turn   | Place    | Note
-------+----------+-------------------------------------------
     0 | D        | mhtbhm the Octopode Transmuter began the quest for the Orb.
     0 | D        | Reached XP level 1. HP: 13/13 MP: 3/3
     2 | D        | Noticed Ijyb
    12 | D        | Killed Ijyb
    13 | D        | Reached skill level 5 in Unarmed Combat
    13 | D        | Reached XP level 2. HP: 18/18 MP: 3/5
    13 | D        | Reached XP level 3. HP: 23/23 MP: 4/7
   190 | D        | Learned a level 2 spell: Wereblood
   194 | D        | Learned a level 3 spell: Spider Form
   458 | D        | Noticed an ogre
   463 | D        | Killed an ogre
   464 | D        | Reached skill level 7 in Unarmed Combat
   464 | D        | Reached XP level 4. HP: 28/28 MP: 0/10
   535 | D        | Learned a level 4 spell: Ice Form
   834 | D        | Noticed Sigmund
   842 | D        | Killed Sigmund
   843 | D        | Reached skill level 1 in Stealth
   843 | D        | Reached skill level 8 in Unarmed Combat
   843 | D        | Reached skill level 5 in Spellcasting
   843 | D        | Reached skill level 5 in Transmutations
   843 | D        | Reached skill level 1 in Poison Magic
   843 | D        | Reached XP level 5. HP: 33/33 MP: 5/13
   843 | D        | Reached XP level 6. HP: 38/38 MP: 5/14
   850 | D        | Found an ornate altar of the Wu Jian Council.
   850 | D        | Found a shimmering blue altar of Sif Muna.
   852 | D        | Found a radiant altar of Vehumet.
   859 | D        | Reached skill level 9 in Unarmed Combat
   860 | D        | Found Jyashr Zechag's Antique Armour Emporium.
   860 | D        | Found an ancient bone altar of Kikubaaqudgha.
   860 | D        | Found a hazy altar of Hepliaklqana.
   860 | D        | Found a stormy altar of Qazlal.
   860 | D        | Found a hide-covered altar of Uskayaw.
   860 | D        | Found a blossoming altar of Fedhas.
   860 | D        | Found a bloodstained altar of Trog.
   860 | D        | Found an iron altar of Okawaru.
   860 | D        | Found a basalt altar of Yredelemnul.
   860 | D        | Found a glowing golden altar of the Shining One.
   860 | D        | Found a snail-covered altar of Cheibriados.
   860 | D        | Found a sacrificial altar of Ru.
   860 | D        | Found a glowing silver altar of Zin.
   860 | D        | Found a shadowy altar of Dithmenos.
   860 | D        | Found a white marble altar of Elyvilon.
   860 | D        | Noticed a yak
   865 | D        | Killed a yak
   866 | D        | Reached skill level 5 in Dodging
   866 | D        | Reached skill level 10 in Unarmed Combat
   866 | D        | Reached skill level 1 in Ice Magic
   866 | D        | Reached XP level 7. HP: 30/43 MP: 9/17
   866 | D        | Found an opulent altar of Gozag.
   867 | D        | Found a sparkling altar of Nemelex Xobeh.
   872 | D        | Became a worshipper of Gozag Ym Sagoz the Greedy
  1005 | D        | Noticed Sonja
  1006 | D        | Noticed Sonja
  1006 | D        | Sonja changed into Sonja the fire bat
  1007 | D        | Killed Sonja the fire bat
  1016 | D        | Found a viscous altar of Jiyva.
  1016 | D        | Found a corrupted altar of Lugonu.
  1016 | D        | Noticed a slime creature
  1017 | D        | Found a burning altar of Makhleb.
  1017 | D        | Found a shimmering altar of Xom.
  1020 | D        | Killed a slime creature
  1021 | D        | Reached skill level 11 in Unarmed Combat
  1070 | D        | Found Naisuth's Armour Boutique.
  1214 | D        | Noticed a deep troll
  1222 | D        | Mangled by a deep troll

Illustrated notes

Levels and vault maps discovered:
D:        dungeon_sprint_1 [red_sonja_temple_1, red_sonja_temple_small_1]

Skill      XL: |  1  2  3  4  5  6  7 |
---------------+----------------------+-----
Unarmed Combat | 5 7 8 10 11 | 11.2
Dodging        | 3 4 5 |  5.7
Spellcasting   | 4 5 6 7 |  7.5
Transmutations | 3 5 6 7 |  7.3
Stealth        | 1 2 |  2.9
Poison Magic   | 1 2 |  2.3
Ice Magic      | 1 2 |  2.2
Fighting       | |  1.3

Action                   |  1- 3 |  4- 6 |  7- 9 || total
-------------------------+-------+-------+-------++-------
Melee: Unarmed           |    12 |    11 |     8 ||    31
Throw: Dart              |       |       |     1 ||     1
 Cast: Wereblood         |     1 |     1 |     1 ||     3
       Spider Form       |     1 |       |       ||     1
       Ice Form          |       |     1 |     3 ||     4
Evoke: Wand              |       |       |     1 ||     1
  Use: Potion            |     2 |     1 |     1 ||     4
Armor: Skin              |     6 |     2 |       ||     8
Dodge: Dodged            |       |     4 |     3 ||     7

Table legend: (Time is in decaauts)
 A = Elapsed time spent in this place.
 B = Non-inter-level travel time spent in this place.
 C = Inter-level travel time spent in this place.
 D = Time resting spent in this place.
 E = Time spent auto-exploring this place.
 F = Levels seen in this place.
 G = Mean time per level.
                   A        B        C        D        E       F      G
               +--------+--------+--------+--------+--------+-----+--------+
         Total |   1226 |   1226 |      0 |    966 |      0 |   1 | 1226.0 |
       Dungeon |   1226 |   1226 |      0 |    966 |      0 |   1 | 1226.0 |
               +--------+--------+--------+--------+--------+-----+--------+

Top non-repeatable levels by time:
       D: 1226 daAuts
